 Dungeon Crawl Stone Soup version 0.29.1-2-gbd0b4ee654 (webtiles) character file.

Game seed: 5323517522572969670

21 Avanven the Shooter (level 2, -12/18 HPs)
             Began as a Tengu Hunter on Nov 5, 2022.
             Mangled by an ogre
             ... wielding a +0 giant spiked club
              (30 damage)
             ... on level 2 of the Dungeon.
             The game lasted 00:01:00 (806 turns).

Avanven the Shooter (Tengu Hunter)                   Turns: 806, Time: 00:01:01

Health: -12/18     AC:  3    Str: 11    XL:     2   Next: 83%
Magic:  3/3        EV: 12    Int:  9    God:
Gold:   119        SH:  0    Dex: 17    Spells: 1/1 levels left

rFire   . . .      SeeInvis .   a - +0 shortbow
rCold   . . .      Faith    .   (shield currently unavailable)
rNeg    . . .      Spirit   .   c - +0 leather armour
rPois   .          Reflect  .   (helmet restricted)
rElec   .          Harm     .   (no cloak)
rCorr   .          Rampage  .   (no gloves)
Will    .....                   (boots unavailable)
Stlth   ++........              i - amulet of regeneration
HPRegen 0.86/turn               (no ring)
MPRegen 0.08/turn               (no ring)

@: no status effects
A: beak, talons 3
a: no special abilities


You were on level 2 of the Dungeon.
You visited 1 branch of the dungeon, and saw 2 of its levels.

You collected 119 gold pieces.

Inventory:

Hand Weapons
 a - a +0 shortbow (weapon)
Armour
 c - a +0 leather armour (worn)
Jewellery
 i - an amulet of regeneration (around neck)
Scrolls
 b - a scroll of immolation
 d - a scroll of blinking {unknown}
 f - a scroll of fear {unknown}
 h - a scroll of teleportation {unknown}
 k - a scroll of identify {unknown}
Potions
 e - a potion of heal wounds {unknown}
 g - a potion of cancellation {unknown}
 j - a potion of curing {unknown}


   Skills:
 + Level 2.4 Fighting
 * Level 5.0 Ranged Weapons
 - Level 2.1 Dodging
 - Level 1.0 Stealth


You had one spell level left.
You didn't know any spells.
Your spell library was empty.

Dungeon Overview and Level Annotations

Branches:
Dungeon (2/15)

Altars:


Innate Abilities, Weirdness & Mutations

You have a beak for a mouth.
You have claws for feet.


Message History

A kobold is nearby!
You shoot an arrow. The arrow hits the kobold!
You kill the kobold!
No target in view!
No target in view!
No target in view!
No target in view!
No target in view!
No target in view!
No target in view!
Found 3 stones.
Things that are here:
a +0 dagger; a kobold corpse You see here 3 stones.
Found a hand axe.
No target in view!
No target in view!
No target in view!
k - a scroll labelled LEHEOWNI AREP
Found a stone staircase leading down.
You now have 115 gold pieces (gained 5).
You now have 119 gold pieces (gained 4).
Found a stone staircase leading down.
An endoplasm comes into view.
Found a ring mail.
An endoplasm is nearby!
You shoot an arrow. The arrow hits the endoplasm.
The endoplasm is moderately wounded.
An ogre comes into view. It is wielding a +0 giant spiked club.
You shoot an arrow. The arrow hits the endoplasm.
You kill the endoplasm!
You shoot an arrow.
The arrow hits the ogre but does no damage.
You shoot an arrow. The arrow completely misses the ogre.
You shoot an arrow. The arrow hits the ogre!
The ogre is moderately wounded.
You shoot an arrow. The arrow barely misses the ogre.
The ogre hits you with a +0 giant spiked club!!
Ouch! That really hurt!
You die...

#.....# .....#
...... ...># ....#
#.#.# #O#.# #@#.#
###[#..#
..###.####
###.#.....#
#.####.###
#........#
######.#.# ##.
#>#.###
....########.....#


You could see an ogre.

Vanquished Creatures
  A ball python (D:1)
  3 endoplasms
  2 hobgoblins (D:1)
  2 quokkas (D:1)
  3 bats
  3 kobolds
  6 rats (D:1)
20 creatures vanquished.

Vanquished Creatures (others)
  3 fungi (D:2)
  4 plants (D:2)
7 creatures vanquished.

Grand Total: 27 creatures vanquished

Notes
Turn   | Place    | Note
-------+----------+-------------------------------------------
     0 | D:1      | Avanven the Tengu Hunter began the quest for the Orb.
     0 | D:1      | Reached XP level 1. HP: 12/12 MP: 2/2
   206 | D:1      | Reached XP level 2. HP: 17/17 MP: 3/3
   715 | D:2      | Reached skill level 5 in Ranged Weapons
   801 | D:2      | Noticed an ogre
   806 | D:2      | Mangled by an ogre

Illustrated notes

Levels and vault maps discovered:
D:1:      dpeg_arrival_houses_and_road, layout_basic, minmay_strange_pillars,
          minmay_liquid_box, nrook_mini_backslash
D:2:      layout_loops_ring, shapermc_ecumenical_altar_mp_ritualfount

Skill      XL: |  1  2 |
---------------+-------+-----
Ranged Weapons | 5 |  5.0
Fighting       | |  2.4
Dodging        | |  2.1
Stealth        | |  1.0

Action                   || total
-------------------------++-------
 Fire: Shortbow          ||    52
Armor: Leather armour    ||     3
Dodge: Dodged            ||    10
